 Dungeon Crawl Stone Soup version 0.31-a0-496-g6f97920a28 (webtiles) character file.

Game seed: 16836919631293543409

599 dinky3 the Ruffian (level 7, 52/52 HPs)
             Began as a Gnoll Shapeshifter on Aug 8, 2023.
             Quit the game on level 4 of the Dungeon.
             The game lasted 00:04:35 (3435 turns).

dinky3 the Ruffian (Gnoll Shapeshifter)             Turns: 3435, Time: 00:04:35

Health: 52/52      AC:  8    Str: 16    XL:     7   Next: 41%
Magic:  10/10      EV: 17    Int:  8    God:
Gold:   192        SH:  0    Dex: 12    Spells: 11/11 levels left

rFire   . .          .
                       - Unarmed
rCold   . . .        (shield currently unavailable)
rNeg    . . .        k - +3 leather armour
rPois   .            (no helmet)
rElec   .            (no cloak)
rCorr   .            (no gloves)
SInv    .            l - +1 pair of boots
Will    .....        (no amulet)
Stlth   +            (no ring)
HPRegen 0.28/turn    (no ring)
MPRegen 0.12/turn

%: no passive effects
@: flux-form, glowing
A: glow, contaminating, fangs 1, strong nose, distributed training
a: Begin Untransformation


You were on level 4 of the Dungeon.
You were something dangerously unstable.
You visited 1 branch of the dungeon, and saw 4 of its levels.

You collected 192 gold pieces.

Inventory:

Armour
 k - a +3 leather armour (worn)
 l - a +1 pair of boots (worn)
Jewellery
 q - a +5 ring of evasion
 s - a +6 ring of strength
Talismans
 c - a beast talisman
 d - a flux talisman (active)
Wands
 r - a wand of mindburst (9)
Scrolls
 e - 5 scrolls of identify {unknown}
 m - 2 scrolls of brand weapon {unknown}
 n - 2 scrolls of fear {unknown}
 t - a scroll of fog {unknown}
 u - a scroll of silence {unknown}
 v - a scroll of enchant weapon {unknown}
 w - a scroll of immolation {unknown}
 x - a scroll of teleportation {unknown}
 y - a scroll of poison {unknown}
Potions
 a - 2 potions of attraction {unknown}
 b - 2 potions of lignification
 f - 4 potions of curing {unknown}
 g - a potion of ambrosia {unknown}
 h - 2 potions of heal wounds {unknown}
 i - 2 potions of brilliance {unknown}
 j - 2 potions of cancellation {unknown}
 o - a potion of enlightenment {unknown}
 p - 2 potions of haste {unknown}


   Skills:
 + Level 3.6 Fighting
 + Level 2.5 Short Blades
 + Level 2.5 Long Blades
 + Level 2.5 Axes
 + Level 2.5 Maces & Flails
 + Level 2.5 Polearms
 + Level 2.5 Staves
 + Level 2.5 Ranged Weapons
 + Level 2.5 Throwing
 + Level 2.5 Armour
 + Level 5.2 Dodging
 + Level 2.5 Stealth
 + Level 2.5 Shields
 + Level 7.0 Unarmed Combat
 + Level 2.5 Spellcasting
 + Level 2.0 Conjurations
 + Level 2.0 Hexes
 + Level 2.0 Summonings
 + Level 2.0 Necromancy
 + Level 2.0 Translocations
 + Level 2.0 Transmutations
 + Level 2.0 Fire Magic
 + Level 2.0 Ice Magic
 + Level 2.0 Air Magic
 + Level 2.0 Earth Magic
 + Level 2.0 Poison Magic
 + Level 2.8 Invocations
 + Level 2.5 Evocations
 + Level 6.9 Shapeshifting


You had 11 spell levels left.
You didn't know any spells.
Your spell library contained the following spells:

 Spells                   Type           Power      Damage    Failure   Level
 Sandblast                Erth           8%         2d5       17%         1
 Ensorcelled Hibernation  Hex/Ice        8%         N/A       26%         2
 Passwall                 Tmut/Erth      3%         N/A       26%         2
 Sublimation of Blood     Necr           4%         N/A       26%         2
 Portal Projectile        Hex/Tloc       8%         N/A       45%         3
 Stone Arrow              Conj/Erth      8%         3d7       45%         3
 Swiftness                Air            4%         N/A       45%         3
 Tukima's Dance           Hex            4%         N/A       45%         3
 Iskenderun's Mystic Bla  Conj/Tloc      4%         2d3       86%         4
 Petrify                  Tmut/Erth      4%         N/A       86%         4
 Irradiate                Conj/Tmut      2%         3d12      99%         5


Dungeon Overview and Level Annotations

Branches:
Dungeon (4/15) Zot: 20599
 Temple: D:4-7

Altars:
Makhleb
Yredelemnul


Innate Abilities, Weirdness & Mutations

You are something dangerously unstable.
You glow with magical radiation, making you easy to see and hit.
Foes you strike become dangerously contaminated with magical radiation.
You are incapable of wielding weapons or throwing items.
You have very sharp teeth.
Your uncanny sense of smell can sniff out nearby items.
Your experience applies equally to all skills.


Message History

You kill the hound!
The kobold throws a stone.
The stone closely misses you. The kobold barely misses you.
The gnoll bouda gazes fiercely through you!
You feel as though you will be weak longer.
You hit the kobold.
You kill the kobold!
You hit the gnoll bouda but do no damage.
The gnoll bouda begins to glow.
The gnoll bouda hits you but does no damage.
You hit the gnoll bouda.
The gnoll bouda glows dangerously bright.
The gnoll bouda is lightly wounded.
The gnoll bouda hits you but does no damage.
You hit the gnoll bouda.
The gnoll bouda shudders as magic cascades through it!!
You kill the gnoll bouda!
No target in view!
No target in view!
No target in view!
No target in view!
No target in view!
No target in view!
No target in view!
No target in view!
No target in view!
No target in view!
No target in view!
No target in view!
No target in view!
No target in view!
Items here: ( )) [ †.
Your attacks no longer feel as feeble.
f - 4 coppery potions (gained 2)
e - 5 scrolls labelled DOYL CO GOAXKA (gained 1) Done exploring.
Done exploring.
Done exploring.
Done exploring.
Are you sure you want to abandon this character and quit the game? (Confirm with "yes".)

#######################
#...........#.#.......#
#.####.#.#..#.#.##)##.#
#.)..#..#.#.#.#.B#.#..#
####.#........####.####
.....########.....[...#
###### ########### #
#### ...#
##.##############
................#


There were no monsters in sight!

Vanquished Creatures
  An ogre (D:4)
  A scorpion (D:4)
  A howler monkey (D:4)
  2 hounds (D:4)
  2 orc priests (D:3)
  A jelly (D:4)
  Jessica (D:2)
  A gnoll bouda (D:4)
  6 adders (D:4)
  4 gnolls (D:3)
  A worm (D:2)
  3 dart slugs
  10 orcs
  6 ball pythons
  7 bats
  5 endoplasms
  3 giant cockroaches
  10 goblins
  11 hobgoblins
  6 jackals
  10 kobolds
  4 quokkas
  4 frilled lizards
  4 rats
  A spectral orc (D:4)
105 creatures vanquished.

Notes
Turn   | Place    | Note
-------+----------+-------------------------------------------
     0 | D:1      | dinky3 the Gnoll Shapeshifter began the quest for the Orb.
     0 | D:1      | Reached XP level 1. HP: 17/17 MP: 1/1
    41 | D:1      | Found a faded altar of an unknown god.
   138 | D:1      | Reached XP level 2. HP: 20/23 MP: 2/2
   421 | D:1      | Reached XP level 3. HP: 23/28 MP: 3/3
   862 | D:2      | Reached skill level 1 in Invocations
  1010 | D:2      | Reached skill level 1 in Short Blades
  1010 | D:2      | Reached skill level 1 in Long Blades
  1010 | D:2      | Reached skill level 1 in Axes
  1010 | D:2      | Reached skill level 1 in Maces & Flails
  1010 | D:2      | Reached skill level 1 in Polearms
  1010 | D:2      | Reached skill level 1 in Staves
  1010 | D:2      | Reached skill level 1 in Ranged Weapons
  1010 | D:2      | Reached skill level 1 in Throwing
  1010 | D:2      | Reached skill level 1 in Armour
  1010 | D:2      | Reached skill level 1 in Stealth
  1010 | D:2      | Reached skill level 1 in Shields
  1010 | D:2      | Reached skill level 1 in Spellcasting
  1010 | D:2      | Reached skill level 1 in Evocations
  1151 | D:2      | Noticed Jessica
  1155 | D:2      | Killed Jessica
  1156 | D:2      | Reached XP level 4. HP: 32/34 MP: 5/5
  1278 | D:2      | Reached skill level 1 in Conjurations
  1278 | D:2      | Reached skill level 1 in Hexes
  1278 | D:2      | Reached skill level 1 in Summonings
  1278 | D:2      | Reached skill level 1 in Necromancy
  1278 | D:2      | Reached skill level 1 in Translocations
  1278 | D:2      | Reached skill level 1 in Transmutations
  1278 | D:2      | Reached skill level 1 in Fire Magic
  1278 | D:2      | Reached skill level 1 in Ice Magic
  1278 | D:2      | Reached skill level 1 in Air Magic
  1278 | D:2      | Reached skill level 1 in Earth Magic
  1278 | D:2      | Reached skill level 1 in Poison Magic
  1737 | D:3      | Reached XP level 5. HP: 38/40 MP: 5/7
  1890 | D:3      | Found a burning altar of Makhleb.
  2004 | D:3      | Reached XP level 6. HP: 20/47 MP: 8/8
  2463 | D:4      | Reached skill level 5 in Dodging
  2625 | D:4      | Identified the +0 leather armour of Youthful Indiscretion
                  | {Will+}
  2744 | D:4      | Reached skill level 7 in Unarmed Combat
  2744 | D:4      | Reached XP level 7. HP: 48/52 MP: 10/10
  3033 | D:4      | Found a basalt altar of Yredelemnul.
  3435 | D:4      | Quit the game

Illustrated notes

Levels and vault maps discovered:
D:1:      co_arrival_hexagon_in_a_hexagon, layout_basic,
          ebering_ecumenical_altar_webs, minmay_tripent
D:2:      layout_loops_ring, grunt_ministairs_9, chequers_mini_garden,
          minmay_misc_feat_plants, minmay_joined_circles, uniq_jessica
D:3:      lemuel_castle_with_subvaults [lemuel_castle_interior_original],
          layout_loops_corners, general_overflow_altar, serial_rivers,
          chequers_serial_rivers_micro_c, chequers_serial_rivers_marsh,
          chequers_serial_rivers_micro_e, chequers_serial_rivers_micro_e,
          chequers_serial_rivers_small_a, chequers_serial_rivers_micro_d,
          hangedman_decor_lopped
D:4:      minmay_thinvault, layout_basic, yredelemnul_forgotten_temple_becter,
          st_stairs_2

Skill      XL: |  1  2  3  4  5  6  7 |
---------------+----------------------+-----
Invocations    | 1 2 |  2.8
Short Blades   | 1 2 |  2.5
Long Blades    | 1 2 |  2.5
Axes           | 1 2 |  2.5
Maces & Flails | 1 2 |  2.5
Polearms       | 1 2 |  2.5
Staves         | 1 2 |  2.5
Ranged Weapons | 1 2 |  2.5
Throwing       | 1 2 |  2.5
Armour         | 1 2 |  2.5
Stealth        | 1 2 |  2.5
Shields        | 1 2 |  2.5
Spellcasting   | 1 2 |  2.5
Evocations     | 1 2 |  2.5
Conjurations   | 1 2 |  2.0
Hexes          | 1 2 |  2.0
Summonings     | 1 2 |  2.0
Necromancy     | 1 2 |  2.0
Translocations | 1 2 |  2.0
Transmutations | 1 2 |  2.0
Fire Magic     | 1 2 |  2.0
Ice Magic      | 1 2 |  2.0
Air Magic      | 1 2 |  2.0
Earth Magic    | 1 2 |  2.0
Poison Magic   | 1 2 |  2.0
Fighting       | 3 |  3.6
Dodging        | 5 |  5.2
Unarmed Combat | 7 |  7.0
Shapeshifting  | |  6.9

Action                     |  1- 3 |  4- 6 |  7- 9 || total
---------------------------+-------+-------+-------++-------
  Melee: Unarmed           |   102 |   165 |    36 ||   303
         Bite              |     8 |    17 |     3 ||    28
 Armour: Animal skin       |    18 |     7 |       ||    25
         Leather armour    |       |    31 |    17 ||    48
  Dodge: Dodged            |    60 |    93 |    18 ||   171
   Form: Flux              |     1 |       |       ||     1

Table legend: (Time is in decaauts)
 A = Elapsed time spent in this place.
 B = Non-inter-level travel time spent in this place.
 C = Inter-level travel time spent in this place.
 D = Time resting spent in this place.
 E = Time spent auto-exploring this place.
 F = Levels seen in this place.
 G = Mean time per level.
                   A        B        C        D        E       F      G
               +--------+--------+--------+--------+--------+-----+--------+
         Total |   3400 |   3303 |     97 |      0 |   2717 |   4 |  850.0 |
       Dungeon |   3400 |   3303 |     97 |      0 |   2717 |   4 |  850.0 |
               +--------+--------+--------+--------+--------+-----+--------+

Top non-repeatable levels by time:
     D:4: 1146 daAuts
     D:2: 996 daAuts
     D:1: 712 daAuts
     D:3: 545 daAuts
